AoeStats
← Blue

Nomad

509811800Analyzed
2v2 RM · 5d ago on Sep 28, 2026· 25m 57s· 4 players
Game mode
Random Map
Map size
176×176
Population
200
Speed
Normal
Resources
Standard
Victory
Conquest
Starting age
Dark Age
Ending age
Imperial Age
RankedLock teamsTeams togetherTeam positionsShared explorationLock speedFull tech treeHidden civsTurbo modeCheats
Victory
Defeat
🇨🇳 Japanese · China
1556
+11
🇵🇪 Muisca · Peru
1303
+21
🇦🇺 Georgians · Australia
1454
-17
🇦🇺 Varangians · Australia
1411
-15
MCWest
4:46 Loom
12:40 Feudal Age
17:21 Castle Age
18:14 Bloodlines
18:18 Scale Barding Armor
19:54 Chain Barding Armor
Blue
5:14 Loom
11:16 Feudal Age
15:29 Fishing Lines
16:41 Fletching
25:12 Castle Age
25:03 Bloodlines
⚡ MACE WINDU ⚡
5:19 Loom
12:25 Feudal Age
16:39 Castle Age
15:22 Fletching
17:56 Wheelbarrow
19:04 Bodkin Arrow
24:35 Padded Archer Armor
我是你大飞哥
4:42 Loom
13:27 Feudal Age
19:00 Castle Age
17:19 Fishing Lines
18:16 Gold Mining
18:17 Stone Mining
18:32 Scale Mail Armor
18:42 Forging
18:56 Double-Bit Axe
21:53 Forging
Connection lost

Rejoining the realm…

Still unreachable

The connection could not be restored.

Session expired

The server has moved on; the page needs a fresh start.